 Dungeon Crawl Stone Soup version 0.25.0-9-g26727b657a (webtiles) character file.

Game seed: 10048901943636435565

4162 vurker the Fanfare of Bloodshed (level 10, -6/87 (88) HPs)
             Began as a Ghoul Monk on June 20, 2020.
             Was a Believer of Makhleb.
             Mangled by a two-headed ogre
             ... wielding a cursed +0 giant club
              (9 damage)
             ... on level 8 of the Dungeon.
             The game lasted 00:12:51 (9129 turns).

vurker the Fanfare of Bloodshed (Ghoul Monk)        Turns: 9129, Time: 00:12:51

HP:   -6/87 (88)    AC: 14    Str: 19    XL:     10   Next: 28%
MP:   4/15          EV:  2    Int: 11    God:    Makhleb [**....]
Gold: 391           SH: 13    Dex: 11    Spells: 9/9 levels left

rFire    . . .     SeeInvis .     - Unarmed
rCold    + . .     Gourm    .   p - +0 tower shield
rNeg     + + +     Faith    .   d - +0 plate armour
rPois    ∞         Spirit   .   (no helmet)
rElec    .         Reflect  .   s - scarf {repulsion}
rCorr    .         Harm     .   g - +1 pair of gloves
MR       .....                  (no boots)
Stlth    ..........             (no amulet)
HPRegen  0.00/turn              o - ring of stealth
MPRegen  0.14/turn              w - +6 ring of intelligence

@: mighty, rotting, repel missiles
A: rotting body, claws 1, carnivore, cold resistance 1, negative energy
resistance 3, inhibited regeneration, torment resistance, unbreathing
a: Minor Destruction, Renounce Religion


You were on level 8 of the Dungeon.
You worshipped Makhleb.
Makhleb was pleased with you.
You were not hungry.

You visited 2 branches of the dungeon, and saw 9 of its levels.

You collected 624 gold pieces.
You spent 233 gold pieces at shops.

Inventory:

Armour
 d - a +0 plate armour (worn)
   (You found it on level 1 of the Dungeon)
 g - a +1 pair of gloves (worn)
   (You found it on level 2 of the Dungeon)
 p - a +0 tower shield (worn)
   (You found it on level 6 of the Dungeon)
 s - a scarf of repulsion (worn)
   (You bought it in a shop on level 5 of the Dungeon)
Jewellery
 o - a ring of stealth (left hand)
   (You found it on level 4 of the Dungeon)
 w - a +6 ring of intelligence (right hand)
   (You found it on level 7 of the Dungeon)
Wands
 c - a wand of disintegration (11)
   (You found it on level 8 of the Dungeon)
 m - a wand of enslavement (6)
   (You found it on level 3 of the Dungeon)
Scrolls
 a - 6 scrolls of remove curse
 b - a scroll of blinking
 h - a scroll of fear {unknown}
 i - 3 scrolls of teleportation {unknown}
 l - a scroll of magic mapping {unknown}
 t - a scroll of fog {unknown}
 u - a scroll of random uselessness {unknown}
 v - a scroll of summoning {unknown}
Potions
 f - 2 potions of might
 j - 3 potions of flight
 k - a potion of lignification {unknown}
 n - a potion of magic {unknown}
 q - a potion of brilliance {unknown}
 r - 2 potions of curing {unknown}
 x - a potion of degeneration {unknown}
Comestibles
 e - 12 rations


   Skills:
 + Level 7.9 Fighting
 + Level 5.0 Armour
 + Level 3.2 Dodging
 - Level 2.1 Stealth
 + Level 2.3 Shields
 * Level 8.9 Unarmed Combat
 * Level 9.0 Invocations


You had 9 spell levels left.
You didn't know any spells.
Your spell library was empty.

Dungeon Overview and Level Annotations

Branches:
Dungeon (8/15)             Temple (1/1) D:7
   Lair: D:8-11

Altars:
Ashenzari
Cheibriados
Dithmenos
Elyvilon
Fedhas
Gozag
Hepliaklqana
Kikubaaqudgha
Makhleb
Nemelex Xobeh
Okawaru
Qazlal
Ru
Sif Muna
Trog
Uskayaw
Vehumet
Wu Jian
Xom
Yredelemnul
Zin
The Shining One

Shops:
D:5 [*[


Innate Abilities, Weirdness & Mutations

Your body is rotting away.
You thrive on raw meat.
You are immune to poison.
You have sharp fingernails.
You are carnivorous and can eat meat at any time.
Your flesh is cold resistant. (rC+)
You are immune to negative energy. (rN+++)
You do not regenerate when monsters are visible.
You are immune to unholy pain and torment.
You can survive without breathing.


Message History

A two-headed ogre comes into view.
It is wielding a +0 giant club and a +0 giant spiked club.
The two-headed ogre shouts in stereo!
You hit the killer bee. You block the killer bee's attack.
The killer bee stings you but does no damage.
You punch the killer bee!
The killer bee stings you but does no damage. x2
You punch the killer bee!
You kill the killer bee!
Makhleb accepts your kill.
You see here a killer bee corpse.
Your shield and plate armour prevent you from hitting the two-headed ogre.
The two-headed ogre barely misses you.
The two-headed ogre hits you with a +0 giant spiked club!
Your shield and plate armour prevent you from hitting the two-headed ogre.
The two-headed ogre hits you but does no damage.
The two-headed ogre hits you with a +0 giant spiked club!
Your shield and plate armour prevent you from hitting the two-headed ogre.
You punch the two-headed ogre!
The two-headed ogre hits you but does no damage.
You block the two-headed ogre's attack.
You hit the two-headed ogre.
The two-headed ogre hits you with a cursed +0 giant club!
* * * LOW HITPOINT WARNING * * *
The two-headed ogre hits you with a +0 giant spiked club.
* * * LOW HITPOINT WARNING * * *
Okay, then.
Aim: a two-headed ogre, wielding a +0 giant club and a +0 giant spiked club (moderately wounded, chance to defeat MR: 48%)
The two-headed ogre resists with some effort.
The two-headed ogre hits you but does no damage.
You block the two-headed ogre's attack.
Aim: a two-headed ogre, wielding a +0 giant club and a +0 giant spiked club (moderately wounded, chance to defeat MR: 48%)
The two-headed ogre resists with some effort.
You feel very mighty all of a sudden.
The two-headed ogre hits you but does no damage.
The two-headed ogre hits you with a +0 giant spiked club.
* * * LOW HITPOINT WARNING * * *
You punch the two-headed ogre!
The two-headed ogre hits you with a cursed +0 giant club.
* * * LOW HITPOINT WARNING * * *
The two-headed ogre hits you with a +0 giant spiked club!!
* * * LOW HITPOINT WARNING * * *
Your shield prevents you from hitting the two-headed ogre.
You feel your flesh rotting away. You block the two-headed ogre's attack.
The two-headed ogre hits you with a +0 giant spiked club!
* * * LOW HITPOINT WARNING * * *
You pummel the two-headed ogre!!
The two-headed ogre hits you but does no damage.
The two-headed ogre hits you with a +0 giant spiked club!
You die...

#.. ......
..........#
......
.........
.....
##.......##
....
#.........#
..#
#.........#
..#
##.........#
.#
###....O.....#
##
.......@.....#
.# .#
#####.......##
.####..#
##.....##
.......####
##.####
...#......#
#.##
.####.....#
#..# ## #....#
##.#
######....#
####.####
......#...#
#.......#


You could see a two-headed ogre.

Vanquished Creatures
  Joseph (D:7)
  A queen bee (D:7)
  A wyvern (D:8)
  A hungry ghost (D:8)
  3 water moccasins
  2 ice beasts
  A necrophage (D:7)
  An eye of draining (D:8)
  3 phantoms
  3 centaurs
  Blork the orc (D:5)
  4 bullfrogs
  12 killer bees
  4 wights
  4 crimson imps
  A jelly (D:5)
  3 orc wizards
  A gnoll shaman (D:6)
  6 orc priests
  A bullfrog skeleton (D:4)
  4 hounds
  Jessica (D:2)
  Terence (D:3)
  9 worker ants
  8 gnolls
  9 adders
  A howler monkey skeleton (D:6)
  3 worms
  A dart slug (D:4)
  6 leopard geckos
  24 orcs
  5 bats
  A giant cockroach (D:6)
  8 goblins
  4 hobgoblins (D:3)
  6 jackals
  A quokka (D:3)
  A ball python (D:3)
  4 frilled lizards
  A jackal skeleton (D:5)
  5 kobolds
  A leopard gecko skeleton (D:4)
  6 rats
164 creatures vanquished.

Notes
Turn   | Place    | Note
-------+----------+-------------------------------------------
     0 | D:1      | vurker the Ghoul Monk began the quest for the Orb.
     0 | D:1      | Reached XP level 1. HP: 19/19 MP: 0/0
   236 | D:1      | Reached XP level 2. HP: 26/26 MP: 1/1
   811 | D:2      | Found a sparkling altar of Nemelex Xobeh.
  1159 | D:2      | Reached XP level 3. HP: 31/31 MP: 2/2
  1553 | D:2      | Noticed Jessica
  1564 | D:2      | Killed Jessica
  1732 | D:3      | Reached XP level 4. HP: 38/38 MP: 3/3
  2065 | D:3      | Noticed Terence
  2075 | D:3      | Killed Terence
  2075 | D:3      | Reached skill level 5 in Unarmed Combat
  2310 | D:3      | Reached XP level 5. HP: 47/47 MP: 4/4
  3308 | D:4      | Noticed a phantom
  3329 | D:4      | Killed a phantom
  3329 | D:4      | Reached skill level 5 in Fighting
  3329 | D:4      | Reached XP level 6. HP: 52/56 MP: 5/5
  3714 | D:4      | Reached skill level 1 in Armour
  3863 | D:5      | Entered Level 5 of the Dungeon
  3874 | D:5      | Reached XP level 7. HP: 58/60 MP: 6/6
  3907 | D:5      | Found Oruts's Assorted Antiques.
  3913 | D:5      | Bought a ruby potion for 19 gold pieces
  3913 | D:5      | Bought a black potion for 19 gold pieces
  3913 | D:5      | Bought a viscous brown potion for 19 gold pieces
  3913 | D:5      | Bought a glowing scarf for 176 gold pieces
  4327 | D:5      | Noticed Blork the orc
  4494 | D:5      | Killed Blork the orc
  4528 | D:5      | Reached XP level 8. HP: 37/71 MP: 7/7
  4646 | D:5      | Found Zaesoumo's Armour Boutique.
  4895 | D:5      | Found Ovizu's Armour Shop.
  6028 | D:6      | Reached skill level 1 in Shields
  6028 | D:6      | Reached XP level 9. HP: 72/80 MP: 8/8
  6143 | D:6      | Found a stormy altar of Qazlal.
  6584 | D:7      | Found a staircase to the Ecumenical Temple.
  6593 | Temple   | Entered the Ecumenical Temple
  6685 | Temple   | Became a worshipper of Makhleb the Destroyer
  6685 | Temple   | Reached * piety under Makhleb
  6685 | Temple   | Reached ** piety under Makhleb
  6735 | D:7      | Reached skill level 1 in Invocations
  6746 | D:7      | Reached skill level 2 in Invocations
  6921 | D:7      | Reached skill level 3 in Invocations
  7029 | D:7      | Noticed Joseph
  7079 | D:7      | Killed Joseph
  7079 | D:7      | Reached skill level 5 in Invocations
  7707 | D:7      | Reached skill level 6 in Invocations
  8115 | D:7      | Reached skill level 7 in Invocations
  8192 | D:8      | Noticed a queen bee
  8214 | D:7      | Killed a queen bee
  8214 | D:7      | Reached skill level 8 in Invocations
  8214 | D:7      | Reached XP level 10. HP: 20/87 MP: 13/15
  9099 | D:8      | Reached skill level 5 in Armour
  9099 | D:8      | Reached skill level 9 in Invocations
  9114 | D:8      | Noticed a two-headed ogre
  9128 | D:8      | HP: 3/87 [two-headed ogre/cursed +0 giant club (9)]
  9129 | D:8      | Mangled by a two-headed ogre

Illustrated notes

Levels and vault maps discovered:
D:1:      nicolae_arrival_washed_ashore, layout_rooms
D:2:      layout_basic, nemelex_xobeh_ov_fountains_minmay, uniq_jessica
D:3:      minmay_bubble_buster, layout_basic, kennysheep_generic_room_10,
          uniq_terence
D:4:      layout_loops_ring
D:5:      minmay_evil_eye, layout_loops_ring, first_ration, serial_shops, shop,
          nicolae_shop_statue_plus, shop_statue, uniq_blork_the_orc
D:6:      layout_cave_pods, nicolae_qazlal_general_emergency
D:7:      layout_loops_cross, minmay_temple_entry_ruins, uniq_joseph
D:8:      layout_rooms, david_nohive_1
Temple:   compressed_dpeg_circular_temple

Skill      XL: |  1  2  3  4  5  6  7  8  9 10 |
---------------+-------------------------------+-----
Unarmed Combat | 4 5 6 7 8 |  8.9
Fighting       | 4 5 6 7 |  7.9
Armour         | 1 2 4 5 |  5.0
Shields        | 1 2 |  2.3
Dodging        | 3 |  3.2
Invocations    | 8 9 |  9.0
Stealth        | |  2.1

Action                   |  1- 3 |  4- 6 |  7- 9 | 10-12 || total
-------------------------+-------+-------+-------+-------++-------
Melee: Unarmed           |   112 |   233 |   539 |   119 ||  1003
       Punch             |       |     5 |     4 |       ||     9
Evoke: Wand              |       |       |       |     2 ||     2
  Use: Scroll            |     3 |     2 |     1 |       ||     6
       Potion            |       |       |     2 |     1 ||     3
  Eat: Chunk             |     2 |    10 |    20 |     3 ||    35
       Ration            |       |       |     1 |       ||     1
Armor: Plate armour      |   104 |   148 |   337 |    77 ||   666
Dodge: Dodged            |    17 |    47 |    74 |     3 ||   141
       Repelled          |       |       |     3 |       ||     3
Block: Tower shield      |       |       |   255 |    83 ||   338
